 Dungeon Crawl Stone Soup version 0.30.1-3-gfc49f6343a (webtiles) character file.

Game seed: 17770072898994692042

39 Ethylacetat the Firebug (level 3, 0/21 HPs)
             Began as an Octopode Fire Elementalist on July 30, 2023.
             Killed by divine providence
             ... invoked by an orc priest
              (15 damage)
             ... on level 3 of the Dungeon.
             The game lasted 00:04:30 (1637 turns).

Ethylacetat the Firebug (OpFE)                      Turns: 1637, Time: 00:04:30

Health: 0/21       AC:  1    Str:  7    XL:     3   Next: 45%
Magic:  6/6        EV: 13    Int: 19    God:
Gold:   100        SH:  0    Dex: 12    Spells: 5/6 levels left

rFire   . . .        (no weapon)
rCold   . . .        (no shield)
rNeg    . . .        (helmet restricted)
rPois   .            (no amulet)
rElec   .            (no ring)
rCorr   .            (no ring)
SInv    .            (no ring)
Will    .....        (no ring)
Stlth   +++          (no ring)
HPRegen 0.23/turn    (no ring)
MPRegen 0.10/turn    (no ring)
                     (no ring)

%: no passive effects
@: no status effects
A: almost no armour, amphibious, 8 rings, camouflage 1, gelatinous body 1,
(nimble swimmer 1), tentacles
a: no special abilities


You were on level 3 of the Dungeon.
You visited 1 branch of the dungeon, and saw 3 of its levels.

You collected 100 gold pieces.

Inventory:

Jewellery
 g - an amulet of the acrobat
Scrolls
 c - 2 scrolls of identify {unknown}
 e - 2 scrolls of fear {unknown}
 f - a scroll of enchant armour {unknown}
 i - a scroll of vulnerability {unknown}
Potions
 a - a potion of magic
 b - 2 potions of curing {unknown}
 d - 2 potions of attraction {unknown}
 h - a potion of berserk rage {unknown}
 j - a potion of lignification {unknown}


   Skills:
 - Level 2.1 Dodging
 - Level 3.0 Stealth
 + Level 2.4 Spellcasting
 + Level 1.8 Conjurations
 + Level 3.4 Fire Magic


You had 5 spell levels left.
You knew the following spells:

 Your Spells              Type           Power      Damage    Failure   Level
a - Foxfire               Conj/Fire      48%        2x1d6     5%          1

Your spell library contained the following spells:

 Spells                   Type           Power      Damage    Failure   Level
 Scorch                   Fire           30%        2d6       6%          2
 Kiss of Death            Conj/Necr      20%        2d7       11%         1
 Inner Flame              Hex/Fire       8%         N/A       24%         3
 Volatile Blastmotes      Fire/Tloc      16%        2d11      24%         3
 Call Canine Familiar     Summ           2%         N/A       43%         3
 Confusing Touch          Hex            2%         N/A       43%         3
 Ozocubu's Armour         Ice            2%         N/A       43%         3
 Portal Projectile        Hex/Tloc       4%         N/A       43%         3
 Flame Wave               Conj/Fire      12%        2d6       47%         4
 Dispel Undead            Necr           2%         3d7       85%         4
 Leda's Liquefaction      Hex/Erth       1%         N/A       85%         4
 Summon Cactus Giant      Summ           1%         N/A       100%        6
 Ozocubu's Refrigeration  Ice            1%         4d7       100%        7


Dungeon Overview and Level Annotations

Branches:
Dungeon (3/15)

Altars:

Shops:
D:1 (

Annotations:
D:1 2 transporters


Innate Abilities, Weirdness & Mutations

You cannot wear most types of armour.
You are amphibious.
You can wear up to eight rings at the same time.
Your skin changes colour to match your surroundings (Stealth+).
Your rubbery body absorbs attacks. (AC +1, EV +1)
((You are camouflaged when in or above water. (Stealth+)))
You have tentacles for arms and can constrict up to eight enemies at once.


Message History

a ball python corpse; a worm corpse Magic restored.
You now have 100 gold pieces (gained 19).
Found 7 stones.
Found a stone staircase leading down.
A kobold comes into view. It is wielding a +0 club.
A kobold is nearby!
The helpless kobold fails to defend itself.
You tentacle-slap the kobold but do no damage.
Your grab misses the kobold. You squeeze the kobold.
The kobold is severely wounded.
The kobold misses you.
You barely miss the kobold. Your grab misses the kobold.
The kobold is severely wounded.
The kobold hits you with a +0 club.
You completely miss the kobold. You grab the kobold. You squeeze the kobold.
You kill the kobold!
No target in view!
An orc comes into view. It is wielding a +0 club.
An orc is nearby!
The orc shouts!
You hear a shout! x2; You hear an angry hiss.
An orc comes into view. It is wielding a +0 club.
You hear a shout!
An orc priest and an orc come into view.
The orc shouts!
A ball python comes into view.
The orc priest looks satisfied for a moment.
The orc moves out of view.
An orc wizard comes into view. It is wielding a +0 dagger.
Found a scroll labelled MYLOFU VETU and 6 stones.
The orc hits you with a +0 club.
You tentacle-slap the orc but do no damage.
Your grab misses the orc. The orc closely misses you.
The orc hits you with a +0 club.
The orc wizard casts a spell.
The orc wizard flickers and vanishes!
Deactivating autopickup; reactivate with Ctrl-A.
The orc priest mumbles some strange prayers to Beogh against you.
Beogh smites you!
Ouch! That really hurt!
You die...

#....# ... #....# ..(####
#....######.# .......
#.........#.# ....^..
#.).......#.# ....S.{
###.......#.# ......o
#.......#.#
?....oo######...(...#.#
.......o@........>.##.###
.........................
###...###########.###.###
#... #.# #.# #.. #.# #.#
#.. #.# #.# ## ..# #.# #.
#.# ###.###


You could see an orc priest, 2 orcs and a ball python.

Vanquished Creatures
  A worm (D:3)
  A dart slug (D:1)
  An orc (D:3)
  3 ball pythons
  5 endoplasms
  2 goblins
  2 hobgoblins (D:1)
  2 jackals (D:1)
  2 quokkas
  2 bats (D:2)
  A frilled lizard (D:1)
  4 kobolds
  3 rats
29 creatures vanquished.

Vanquished Creatures (others)
  12 foxfires
12 creatures vanquished.

Grand Total: 41 creatures vanquished

Notes
Turn   | Place    | Note
-------+----------+-------------------------------------------
     0 | D:1      | Ethylacetat the Octopode Fire Elementalist began the quest
                  | for the Orb.
     0 | D:1      | Reached XP level 1. HP: 11/11 MP: 3/3
   104 | D:1      | Found Wuink's Weapon Shop.
   122 | D:1      | Reached XP level 2. HP: 10/17 MP: 1/5
   321 | D:1      | Found a faded altar of an unknown god.
   721 | D:2      | Reached XP level 3. HP: 20/21 MP: 6/6
  1637 | D:3      | Killed from afar by an orc priest

Illustrated notes

Levels and vault maps discovered:
D:1:      spicycebolla_arrival_transporter_tutorial, layout_basic,
          hellmonk_ecumenical_altar_zigzags, serial_shops, shop, minmay_cupped
D:2:      layout_basic
D:3:      layout_basic, serial_shops, shop, minmay_hedge_maze,
          nicolae_shop_vocational

Skill      XL: |  1 |
---------------+----+-----
Stealth        | 3 |  3.0
Dodging        | |  2.1
Spellcasting   | |  2.4
Conjurations   | |  1.8
Fire Magic     | |  3.4

Action                     || total
---------------------------++-------
  Melee: Unarmed           ||    70
         Tentacles         ||    24
         Constrict         ||    16
         Punch             ||     2
   Cast: Foxfire           ||     7
   Stab: Sleeping          ||     8
 Armour: Skin              ||     7
  Dodge: Dodged            ||    38
